 Dungeon Crawl Stone Soup version 0.30-a0-1059-g7dea3e163d (webtiles) character file.

Game seed: 8340032907256941645

1075414 Lavandula the Axe Maniac (level 27, -13/204 (247) HPs)
             Began as a Demonspawn Gladiator on Apr 11, 2023.
             Was the Champion of Makhleb.
             Mangled by a nargun (17 damage)
             ... on level 2 of Cocytus on Apr 12, 2023.
             The game lasted 05:05:01 (75001 turns).

Lavandula the Axe Maniac (Demonspawn Gladiator)    Turns: 75001, Time: 05:05:01

HP:   -13/204 (247) AC: 37    Str: 30 (37) XL:     27
MP:   0/37          EV: 23    Int: 18      God:    Makhleb [******]
Gold: 5879          SH:  0    Dex: 25 (28) Spells: 0/36 levels left

rFire   + + .      SeeInvis .    Y - +9 executioner's axe (flame)
rCold   + . .      Faith    .    (shield currently unavailable)
rNeg    + . .      Spirit   +    H - +8 chain mail "Razot" {Drain rPois Regen+ Int+7}
rPois   +          Reflect  .    e - +2 hat {Will+}
rElec   .          Rampage  .    (cloak unavailable)
rCorr   .                        n - +2 pair of gloves "Fuiteifo" {Str+5 Dex+4}
Will    +++++                    x - +3 pair of mountain boots {steadfast, rC+} Stlth
                                 v - amulet of guardian spirit
HPRegen 1.34/turn                W - ring "Dahexkegu" {rF+ Will+++ Str+6 Dex+4}
MPRegen 0.25/turn                U - ring of Winter {rN+ Will+ Dex+6}

@: studying Polearms, heavily drained, unable to drink
A: rugged brown scales 3, demonic guardian 3, powered by death 3, corrupting
presence 2, word of chaos, weakness stinger 3, horns 1, dopey 1, fire resistance
1, strong-willed 1, mutation resistance 1, screaming 2
}: 13/15 runes: barnacled, slimy, silver, iron, obsidian, bone, abyssal,
demonic, glowing, magical, fiery, dark, gossamer
a: Word of Chaos, Renounce Religion, Minor Destruction, Lesser Servant of
Makhleb, Major Destruction, Greater Servant of Makhleb


You were on level 2 of Cocytus.
You worshipped Makhleb.
Makhleb was exalted by your worship.
You visited 18 branches of the dungeon, and saw 78 of its levels.
You visited Pandemonium 2 times, and saw 9 of its levels.
You visited the Abyss 3 times.
You also visited: Bailey, Volcano and Wizlab.

You collected 12059 gold pieces.
You spent 6180 gold pieces at shops.

Inventory:

Hand Weapons
 a - the +8 Wrath of Trog {antimagic, *Rage Rampage}
   (You bought it in a shop on level 2 of the Orcish Mines)

   It causes slowness and exhaustion when equipped.
   It extends the wielder's berserk rage when killing foes.
   *Rage:     It berserks you when you make melee attacks (+50% chance).
   Rampage:   It bestows one free step when moving towards enemies.
 Y - a +9 executioner's axe of flaming (weapon)
Missiles
 d - 19 throwing nets (quivered)
 k - 41 javelins
 J - 22 curare-tipped darts
Armour
 e - a +2 hat of willpower (worn)
 g - the +3 pair of seven-league boots {Rampage+∞}
   (You acquired it in Pandemonium)

   Rampage+∞: When moving toward enemies, its wearer moves as far as possible.
 n - the +2 pair of gloves "Fuiteifo" (worn) {Str+5 Dex+4}
   (You acquired it on level 2 of the Orcish Mines)

   Str:       It affects your strength (+5).
   Dex:       It affects your dexterity (+4).
 x - the +3 pair of mountain boots (worn) {steadfast, rC+}
   (You found it on level 3 of the Shoals)

   Steadfast: It prevents involuntary movement, except for blinking,
   teleportation, or banishment.
   rC:        It protects you from cold.
 H - the +8 chain mail "Razot" (worn) {Drain rPois Regen+ Int+7}
   (You found it on level 3 of the Elven Halls)

   Int:       It affects your intelligence (+7).
   rPois:     It protects you from poison.
   Regen:     It increases your rate of health regeneration.
   Drain:     It drains your maximum health when unequipped.
Jewellery
 t - the ring "Ipaqirph" {Wiz rCorr Str+2 Slay+3}
   (You found it on level 7 of Tartarus)

   [ring of wizardry]

   It improves your spell success rate.
   Str:       It affects your strength (+2).
   Slay:      It affects your accuracy & damage with ranged weapons and melee
   (+3).
   rCorr:     It protects you from acid and corrosion.
 v - an amulet of guardian spirit (around neck)
 y - a ring of ice
 K - a ring of protection from cold
 U - the ring of Winter (right hand) {rN+ Will+ Dex+6}
   (You found it on level 3 of the Lair of Beasts)

   [ring of dexterity]

   Dex:       It affects your dexterity (+6).
   rN:        It protects you from negative energy.
   Will:      It increases your willpower.
 V - the ring "Temmiepu" {rF+ Str-3 Dex+6 SInv}
   (You took it off a balrug in Pandemonium)

   [ring of dexterity]

   Str:       It affects your strength (-3).
   Dex:       It affects your dexterity (+6).
   rF:        It protects you from fire.
   SInv:      It lets you see invisible.
 W - the ring "Dahexkegu" (left hand) {rF+ Will+++ Str+6 Dex+4}
   (You bought it in a shop on level 2 of the Depths)

   [ring of strength]

   Str:       It affects your strength (+6).
   Dex:       It affects your dexterity (+4).
   rF:        It protects you from fire.
   Will:      It greatly increases your willpower.
Wands
 u - a wand of flame (64)
 A - a wand of iceblast (57)
 I - a wand of light (22)
 P - a wand of digging (22)
 S - a wand of paralysis (57)
Scrolls
 b - 2 scrolls of fear
 f - 2 scrolls of blinking
 j - a scroll of enchant weapon
 m - 15 scrolls of immolation
 o - 11 scrolls of magic mapping
 p - 14 scrolls of poison
 s - 3 scrolls of butterflies
 G - 8 scrolls of teleportation
 N - 10 scrolls of silence
 Q - 9 scrolls of fog
 R - 8 scrolls of torment
Potions
 c - 5 potions of invisibility
 i - 8 potions of magic
 l - 18 potions of ambrosia
 q - 17 potions of curing
 r - 11 potions of haste
 w - 12 potions of brilliance
 z - 9 potions of flight
 B - a potion of berserk rage
 D - 5 potions of heal wounds
 E - 6 potions of attraction
 F - a potion of resistance
 L - 3 potions of might
 T - 7 potions of cancellation
 X - 8 potions of mutation
Miscellaneous
 h - a box of beasts
 C - a phantom mirror
 M - a lightning rod (4/4)
 O - a condenser vane
 Z - a tin of tremorstones (2/2)


   Skills:
 + Level 22.2 Fighting
 - Level 14.0 Long Blades
 O Level 27 Axes
 - Level 13.5 Throwing
 - Level 20.2 Armour
 - Level 16.6 Dodging
 - Level 4.0 Shields
 - Level 5.0 Spellcasting
 - Level 20.3 Hexes
 - Level 16.4 Summonings
 - Level 13.6 Necromancy
 - Level 11.9 Translocations
 - Level 5.6 Ice Magic
 - Level 6.7 Air Magic
 - Level 21.0 Invocations
 - Level 4.7 Evocations


You couldn't memorise any spells.
You knew the following spells:

 Your Spells              Type           Power      Damage    Failure   Level
a - Frozen Ramparts       Ice            48%        1d8       9%          3
b - Apportation           Tloc           94%        N/A       1%          1
c - Swiftness             Air            28%        N/A       5%          3
d - Passage of Golubria   Tloc           47%        N/A       2%          4
e - Blink                 Tloc           94%        N/A       1%          2
f - Enfeeble              Hex            33%        N/A       6%          7
g - Death's Door          Necr           26%        N/A       100%        9
h - Malign Gateway        Summ/Tloc      27%        N/A       58%         7

Your spell library contained the following spells:

 Spells                   Type           Power      Damage    Failure   Level
 Slow                     Hex            100%       N/A       0%          1
 Kiss of Death            Conj/Necr      100%       2d13      1%          1
 Necrotise                Necr           100%       1d9       1%          1
 Summon Small Mammal      Summ           100%       N/A       1%          1
 Call Imp                 Summ           100%       N/A       1%          2
 Ensorcelled Hibernation  Hex/Ice        100%       N/A       1%          2
 Lesser Beckoning         Tloc           94%        N/A       1%          2
 Sublimation of Blood     Necr           52%        N/A       1%          2
 Confusing Touch          Hex            67%        N/A       1%          3
 Dazzling Flash           Conj/Hex       82%        N/A       1%          3
 Gell's Gravitas          Tloc           47%        N/A       1%          3
 Portal Projectile        Hex/Tloc       100%       N/A       1%          3
 Summon Guardian Golem    Hex/Summ       63%        N/A       1%          3
 Teleport Other           Tloc           47%        N/A       1%          3
 Tukima's Dance           Hex            67%        N/A       1%          3
 Vampiric Draining        Necr           52%        2d9       1%          3
 Vhi's Electric Charge    Tloc/Air       76%        N/A       1%          3
 Anguish                  Hex/Necr       30%        N/A       1%          4
 Animate Dead             Necr           52%        N/A       1%          4
 Cause Fear               Hex            33%        N/A       1%          4
 Dispel Undead            Necr           52%        3d19      1%          4
 Summon Mana Viper        Hex/Summ       63%        N/A       1%          5
 Cigotuvi's Dreadful Rot  Necr/Pois/Air  56%        N/A       2%          2
 Manifold Assault         Tloc           47%        N/A       2%          4
 Summon Lightning Spire   Summ/Air       46%        N/A       2%          4
 Summon Forest            Summ/Tloc      27%        N/A       2%          5
 Freeze                   Ice            96%        1d10      3%          1
 Momentum Strike          Conj/Tloc      52%        3d9       3%          2
 Summon Ice Beast         Ice/Summ       44%        N/A       3%          4
 Agony                    Necr           52%        N/A       3%          5
 Silence                  Hex/Air        26%        N/A       3%          5
 Fulminant Prism          Conj/Hex       20%        3d12      4%          4
 Metabolic Englaciation   Hex/Ice        25%        N/A       4%          5
 Shock                    Conj/Air       64%        1d7       8%          1
 Ozocubu's Armour         Ice            24%        N/A       9%          3
 Animate Armour           Summ/Erth      68%        N/A       11%         4
 Poisonous Vapours        Pois/Air       32%        N/A       12%         2
 Static Discharge         Conj/Air       32%        2-4/arc   12%         2
 Yara's Violent Unravell  Hex/Tmut       20%        3d9       13%         5
 Death Channel            Necr           26%        N/A       17%         6
 Airstrike                Air            14%        2d(2-18)  19%         4
 Hailstorm                Conj/Ice       14%        3d5       28%         3
 Beastly Appendage        Tmut           8%         N/A       30%         1
 Foxfire                  Conj/Fire      16%        2x1d4     30%         1
 Magic Dart               Conj           16%        1d3       30%         1
 Sandblast                Erth           8%         2d5       30%         1
 Sting                    Tmut/Pois      16%        1d3       30%         1
 Monstrous Menagerie      Summ           29%        N/A       30%         7
 Summon Hydra             Summ           29%        N/A       30%         7
 Mephitic Cloud           Conj/Pois/Air  12%        N/A       34%         3
 Passwall                 Tmut/Erth      3%         N/A       41%         2
 Searing Ray              Conj           8%         2d4       41%         2
 Wereblood                Tmut           4%         N/A       41%         2
 Discord                  Hex            33%        N/A       43%         8
 Borgnjor's Vile Clutch   Necr/Erth      14%        N/A       45%         5
 Ignite Poison            Fire/Tmut/Pois 4%         N/A       65%         3
 Spider Form              Tmut/Pois      4%         N/A       65%         3
 Stone Arrow              Conj/Erth      8%         3d7       65%         3
 Simulacrum               Ice/Necr       19%        N/A       65%         6
 Ice Form                 Ice/Tmut       14%        N/A       67%         4
 Freezing Cloud           Conj/Ice/Air   9%         6-21      83%         5
 Arcjolt                  Conj/Air       8%         1d18      91%         5
 Summon Horrible Things   Summ           29%        N/A       93%         8
 Olgreb's Toxic Radiance  Pois           4%         N/A       96%         4
 Petrify                  Tmut/Erth      4%         N/A       96%         4
 Sticky Flame             Conj/Fire      4%         2d3       96%         4
 Alistair's Intoxication  Tmut/Pois      2%         N/A       100%        5
 Fireball                 Conj/Fire      2%         3d4       100%        5
 Irradiate                Conj/Tmut      2%         3d12      100%        5
 Conjure Ball Lightning   Conj/Air       8%         3x3d6     100%        6
 Eringya's Noxious Bog    Tmut/Pois      2%         N/A       100%        6
 Iron Shot                Conj/Erth      2%         9d2       100%        6
 Plasma Beam              Fire/Air       8%         2x1d20    100%        6
 Starburst                Conj/Fire      2%         6d3       100%        6
 Statue Form              Tmut/Erth      2%         N/A       100%        6
 Orb of Destruction       Conj           2%         9d5       100%        7
 Ozocubu's Refrigeration  Ice            12%        4d10      100%        7
 Spellforged Servitor     Conj/Summ      17%        N/A       100%        7
 Storm Form               Tmut/Air       8%         N/A       100%        7
 Disjunction              Tloc           23%        N/A       100%        8
 Ignition                 Fire           2%         3d3       100%        8
 Lehudib's Crystal Spear  Conj/Erth      2%         10d2      100%        8
 Maxwell's Capacitive Co  Air            14%        ∞         100%        8
 Polar Vortex             Ice            12%        N/A       100%        9


Dungeon Overview and Level Annotations

Branches:
Dungeon (15/15)            Temple (1/1) D:6            Lair (5/5) D:11
 Shoals (4/4) Lair:2       Spider (4/4) Lair:3        Slime (5/5) Lair:5
    Orc (2/2) D:12            Elf (3/3) Orc:2        Vaults (5/5) D:14
  Crypt (3/3) Vaults:2       Tomb (1/3) Crypt:3      Depths (4/4) D:15
   Hell (visited)             Dis (7/7) Hell            Geh (7/7) Hell
    Coc (2/7) Hell            Tar (7/7) Hell            Zot (2/5) Depths:4
 Bailey (visited)         Volcano (visited)          WizLab (visited)

Altars:
Ashenzari
Cheibriados
Dithmenos
Fedhas
Gozag
Hepliaklqana
Kikubaaqudgha
Makhleb
Nemelex Xobeh
Okawaru
Qazlal
Ru
Sif Muna
Trog
Uskayaw
Vehumet
Wu Jian
Xom
Yredelemnul
Jiyva

Shops:
D:2 ?   Orc:2 (??*   Elf:1 [   Shoals:3 *   Vaults:1 (   Depths:2 ==:

Portals:
Hell: Depths:1 Depths:2 Depths:3 Depths:4
Pandemonium: Depths:1 Depths:2 Depths:3
Ziggurat: Depths:3
Trove: Depths:1 (give 4 potions of resistance)

Annotations:
Depths:2 3 transporters
Dis:7 Dispater


Innate Abilities, Weirdness & Mutations

You are completely covered in rugged brown scales. (AC +3, +7% HP)
A powerful demonic guardian rushes to your aid.
You regenerate a lot of health from kills.
Your presence sometimes corrodes or deforms those you injure.
You can speak a Word of Chaos.
You have a sharp stinger which inflicts weakening toxins.
You have a pair of small horns on your head.
You are dopey. (Int -2)
Your flesh is heat resistant. (rF+)
You are strong-willed. (Will+)
You are somewhat resistant to further mutation.
You frequently scream uncontrollably at your foes.


Message History

You fall into the shallow water.
Moving in this stuff is going to be slow.
As you read the scroll of blinking, it crumbles to dust.
Your Executioner completely misses the shard shrike simulacrum.
Your Executioner barely misses the shard shrike simulacrum.
Your Executioner hits the shard shrike simulacrum!
A nargun comes into view.
The shard shrike simulacrum claws your Executioner.
The shard shrike simulacrum freezes your Executioner!
Your Executioner resists.
The shard shrike simulacrum completely misses your Executioner.
Your Executioner gestures.
Your Executioner seems to speed up.
Press: ? - help, v - describe, . - travel
Here: a nargun The floor.
It's too cold; everything's frozen solid!
Unknown command.
Unknown command.
Okay, then.
Unknown command.
Okay, then.
Press: ? - help, v - describe, . - travel
Here: a nargun The floor.
Okay, then.
Unknown command.
It's too cold; everything's frozen solid!
Unknown command.
Okay, then.
Unknown command.
It's too cold; everything's frozen solid!
Unknown command.
Okay, then.
Unknown command.
Unknown command.
Unknown command.
Unknown command.
The nargun hits you!!
You die...

##### ### ≈≈≈≈#
≈≈# ≈≈≈ ≈..
#≈≈≈≈≈≈≈#≈###.#
#≈≈≈≈≈≈≈#≈~.9#
#≈≈≈≈≈≈≈≈≈#@.#
≈≈≈≈≈≈≈≈≈≈#.##
≈≈≈≈≈≈≈Z≈#...
#≈.....1###..
##...ZZ## ##.
#....ZbZ# ##
#....ZZ≈R#
#.....≈Z.ZR.
#....≈≈...Z...


You could see a nargun.

Vanquished Creatures
  Asmodeus (Geh:7)
  the Royal Jelly (Slime:5)
  Ereshkigal (Tar:7)
  Ignacio (Pan)
  Gloorx Vloq (Pan)
  A seraph (Pan)
  the Serpent of Hell (Tar:7)
  Mnoleg (Pan)
  11 dread liches
  Lom Lobon (Pan)
  Khufu (Crypt:2)
  2 ancient liches (Tar:7)
  2 juggernauts (Dis:7)
  Josephina (Crypt:2)
  A royal mummy (Tomb:1)
  Sojobo (Crypt:1)
  Vv (Crypt:3)
  Boris (twice) (Vaults:3 Vaults:4)
  3 shard shrikes (Hell)
  Geryon (Hell)
  Bai Suzhen (Vaults:4)
  A curse toe (Crypt:3)
  19 caustic shrikes
  2 profane servitors
  5 golden dragons
  21 bone dragons
  A pearl dragon (Pan)
  6 iron giants
  Arachne (Spider:4)
  12 doom hounds
  9 Tzitzimimeh
  10 Brimstone Fiends
  An electric golem (Zot:1)
  A walking crystal tome (Depths:2)
  5 hellephants
  14 Hell Sentinels
  5 tentacled monstrosities
  4 liches
  13 tainted leviathans
  2 deep elf master archers (Elf:3)
  A quicksilver dragon (Zot:1)
  3 titans (Vaults:5)
  12 searing wretches
  4 deep elf blademasters
  17 acid blobs
  Polyphemus (Shoals:4)
  14 Executioners
  4 tentacled starspawn
  5 death cobs
  9 sphinxes
  27 ancient champions
  4 storm dragons
  2 krakens
  9 rockslimes
  A draconian monk (Zot:1)
  14 tengu reavers
  8 revenants
  A shadow dragon (Vaults:5)
  8 azure jellies
  3 narguns (Coc:1)
  13 daevas (Pan)
  25 fire giants
  8 frost giants
  7 quicksilver elementals
  14 deep elf sorcerers
  17 vault wardens
  5 iron dragons
  35 balrugs
  2 demonspawn warmongers (Pan)
  2 emperor scorpions (Spider:4)
  2 spectral juggernauts
  6 deep elf elementalists
  A draconian scorcher (Zot:1)
  23 angels (Pan)
  7 cacodemons (Pan)
  2 broodmothers
  Aizul (Vaults:3)
  7 ghost moths
  A spectral caustic shrike (Tar:3)
  2 demonspawn corrupters (Pan)
  A spriggan defender (Depths:2)
  5 orc warlords
  9 ghouls
  3 demonspawn blood saints (Pan)
  22 stone giants
  24 war gargoyles
  3 curse skulls
  21 very ugly things
  19 reapers
  5 draconian annihilators
  A caustic shrike skeleton (Pan)
  10 ironbound thunderhulks
  18 ironbound preservers
  8 quicksilver oozes (Slime:5)
  15 ophanim (Pan)
  6 green draconians
  A juggernaut skeleton (Depths:3)
  13 apis (Pan)
  A demonspawn black sun (Pan)
  2 bennus (Tomb:1)
  Nessos (Lair:5)
  5 lorocyprocas
  4 putrid mouths
  5 deep elf annihilators
  8 vampire knights
  4 dire elephants (Vaults:2)
  3 purple draconians
  2 black draconians (Depths:4)
  7 deep elf demonologists
  4 halazid warlocks (WizLab)
  A spectral titan (WizLab)
  16 eidola
  2 yellow draconians
  A spark wasp (shapeshifter) (Abyss:5)
  12 spark wasps
  6 red draconians
  8 blizzard demons
  6 green deaths (Pan)
  20 iron golems
  13 ettins
  A spectral quicksilver dragon (WizLab)
  5 merfolk javelineers
  A spectral iron giant (Tar:7)
  20 jiangshi
  2 spriggan zombies
  8 entropy weavers
  A quicksilver dragon zombie (WizLab)
  8 fire dragons
  8 mummy priests (Tomb:1)
  6 deep elf death magi
  A great orb of eyes (shapeshifter) (Abyss:5)
  A spectral fenstrider witch (Tar:1)
  10 deep elf high priests
  11 yaktaur captains
  3 great orbs of eyes
  8 merfolk impalers
  36 vault guards
  Harold (Lair:1)
  5 rakshasas
  4 hydras
  2 juggernaut simulacra
  7 ice dragons
  6 hell beasts
  3 spriggan air magi
  8 salamander tyrants
  2 ogre magi
  A radroach (shapeshifter) (Abyss:5)
  A ghost crab (Spider:1)
  2 catoblepae
  2 death knights
  3 merfolk avatars
  11 ironbound frosthearts
  6 merfolk aquamancers
  21 centaur warriors
  3 jorogumos (Spider:4)
  3 boulder beetles
  13 death yaks
  7 stokers
  6 deep troll shamans
  5 alligator snapping turtles
  A fenstrider witch skeleton (Tomb:1)
  46 hell hogs
  4 radroaches
  A satyr (Shoals:2)
  The ghost of Kiciri the Arsonist, a journeyman DsFE of Vehumet (D:10)
  36 dancing weapons
  5 two-headed ogres
  9 vampire magi
  6 death scarabs (Tomb:1)
  10 deep troll earth magi
  5 tengu warriors
  18 hell knights
  6 thrashing horrors (Abyss:5)
  An orc high priest (Elf:2)
  2 titan zombies
  14 soul eaters
  4 spriggan berserkers
  28 sun demons
  2 spectral dire elephants
  A spectral naga (Tar:7)
  3 wretched stars
  A storm dragon zombie (Depths:3)
  10 crystal echidnas
  Sonja (Lair:3)
  A spark wasp zombie (WizLab)
  2 titan skeletons (Depths:3)
  22 deep elf knights
  A fire crab (shapeshifter) (Depths:3)
  2 skysharks
  A golden dragon zombie (Depths:3)
  Amaemon (Lair:3)
  10 iron trolls
  20 shadow wraiths
  11 sixfirhies
  6 pharaoh ants
  A quicksilver dragon simulacrum (Depths:3)
  3 spectral spark wasps (WizLab)
  2 sun moths
  An iron giant zombie (Crypt:1)
  43 deep trolls
  15 skeletal warriors
  14 sea snakes
  2 spectral anacondas
  20 deep elf archers
  4 shadow demons
  12 lindwurms
  11 cherubim (Pan)
  10 flayed ghosts
  2 spriggan simulacra
  5 steelbarb worms
  11 glowing orange brains
  9 orb spiders
  10 wizards
  24 phantasmal warriors
  A sphinx zombie (Depths:3)
  3 bunyip skeletons
  6 bog bodies
  23 harpies
  A spectral hydra (Tar:7)
  14 ironbound convokers
  3 orange crystal statues (Hell)
  A spectral wolf spider (WizLab)
  An anaconda skeleton (Pan)
  27 deep elf zephyrmancers
  14 necromancers
  8 starcursed masses (Abyss:5)
  18 orc knights
  27 deep elf pyromancers
  4 cyclopes
  2 shining eyes
  4 spectral spriggans
  A wolf spider zombie (WizLab)
  2 tengu skeletons (Vaults:2)
  12 fauns
  2 iron dragon skeletons
  28 ugly things
  An orc sorcerer (Orc:2)
  2 salamanders (Volcano)
  A will-o-the-wisp (Abyss:5)
  A spectral ettin (Tar:3)
  21 wolf spiders
  9 moths of wrath
  5 elephants (Lair:5)
  18 manticores
  19 demonic crawlers
  A sphinx skeleton (Depths:3)
  9 merfolk sirens
  A frost giant skeleton (Depths:3)
  A spectral alligator snapping turtle (Tar:3)
  3 rust devils (Depths:3)
  A centaur zombie (Hell)
  A titan simulacrum (Coc:1)
  2 guardian serpents (shapeshifter) (Abyss:5)
  15 vault sentinels
  2 eyes of devastation (Slime:3)
  A fire giant skeleton (Depths:3)
  7 water nymphs
  6 orange demons
  5 torpor snails
  A naga zombie (Hell)
  A black mamba (Lair:4)
  30 smoke demons
  A cane toad (shapeshifter) (Elf:3)
  2 molten gargoyles (Hell)
  19 large abominations
  9 unseen horrors
  7 freezing wraiths
  Maggie (D:7)
  6 komodo dragons
  4 gargoyles
  9 hellions
  A kobold demonologist (D:9)
  8 cane toads
  A minotaur zombie (Crypt:2)
  An alligator snapping turtle skeleton (Tomb:1)
  20 yaktaurs
  A yaktaur zombie (Vaults:3)
  2 dire elephant skeletons
  2 komodo dragons (shapeshifter)
  An unseen horror skeleton (Crypt:2)
  5 efreet (Pan)
  4 guardian mummies (Tomb:1)
  3 ice devils
  A green draconian skeleton (Crypt:3)
  11 tormentors
  4 tengu conjurers
  4 polar bears
  2 harpy zombies
  7 red devils
  18 merfolk
  6 meliai
  A hydra zombie (Hell)
  A yaktaur (shapeshifter) (Vaults:5)
  A silent spectre (Tar:1)
  12 hellwings
  6 wind drakes
  2 pale draconian skeletons
  A queen bee (Lair:4)
  A tengu simulacrum (Depths:3)
  Grinder (D:4)
  2 spectral harpies (WizLab)
  8 trolls
  4 tyrant leeches (Spider:1)
  A shadow dragon simulacrum (Depths:3)
  2 spectral guardian serpents (Crypt:3)
  3 harpy skeletons
  14 raiju (Abyss:5)
  A death drake skeleton (Crypt:1)
  A moth of wrath zombie (Crypt:1)
  26 tarantellas
  11 snapping turtles
  14 blink frogs
  8 hornets
  11 dream sheep
  A dream sheep (shapeshifter) (Depths:3)
  An ettin skeleton (Pan)
  93 slime creatures
  A hydra skeleton (Pan)
  31 water elementals
  4 centaur simulacra
  41 jumping spiders
  13 flying skulls (WizLab)
  14 spriggans
  A spriggan (shapeshifter) (Vaults:5)
  5 air elementals
  3 ynoxinuls
  A vampire (D:11)
  19 culicivoras
  A fire dragon skeleton (Crypt:3)
  3 wyverns
  10 wraiths
  41 yaks
  A slime creature zombie (Crypt:3)
  3 basilisks
  3 fire elementals
  An alligator snapping turtle simulacrum (Coc:1)
  2 fire bats (Volcano)
  2 golden eyes (Slime:3)
  18 humans (D:14)
  69 redbacks
  8 chaos spawn
  13 neqoxecs (Pan)
  3 steam dragons
  20 vampire mosquitoes
  A redback (shapeshifter) (Vaults:5)
  2 harpy simulacra
  A hydra simulacrum (Coc:1)
  A demonspawn zombie (Crypt:2)
  A glowing shapeshifter zombie (Vaults:2)
  A human zombie (Vaults:2)
  8 wargs
  11 hell hounds
  A cane toad zombie (Crypt:1)
  A deep troll skeleton (Pan)
  40 orc warriors
  12 water moccasins
  2 floating eyes
  A glowing shapeshifter skeleton (Vaults:3)
  3 sky beasts
  2 ettin simulacra (Coc:1)
  An ice beast (D:6)
  A dream sheep zombie (Crypt:1)
  An ice dragon simulacrum (Crypt:2)
  4 black bears (Lair:5)
  16 wolves
  14 centaurs
  3 ogres
  3 boggarts (Lair:5)
  2 small abominations
  2 phantoms (D:12)
  2 kobold brigands (D:7)
  9 bullfrogs
  A salamander zombie (Crypt:3)
  A human simulacrum (Depths:3)
  An elf skeleton (Crypt:2)
  A human skeleton (Vaults:3)
  A draconian skeleton (Crypt:2)
  5 gnoll sergeants
  8 necrophages
  2 scorpions
  4 earth elementals
  45 killer bees
  2 troll zombies (D:12)
  A swamp dragon simulacrum (Hell)
  A yak zombie (Crypt:3)
  10 electric eels
  4 spriggan skeletons
  2 howler monkeys
  8 crimson imps
  A wolf skeleton (Crypt:1)
  6 jellies
  5 gnoll boudas
  16 orc priests
  5 hounds
  A sleepcap (D:7)
  6 iguanas
  Natasha (D:3)
  25 orc wizards
  6 hell rats (Lair:4)
  6 ogre zombies (D:12)
  An acid dragon skeleton (Crypt:3)
  10 mummies
  Robin (D:3)
  An adder (shapeshifter) (Vaults:5)
  20 gnolls
  11 adders
  5 white imps
  2 worms
  3 dart slugs
  79 orcs
  9 endoplasms
  2 giant cockroaches (D:2)
  11 goblins
  8 hobgoblins
  5 quokkas
  5 ball pythons
  4 bats
  4 frilled lizards
  5 goblin zombies (D:12)
  A hobgoblin skeleton (Crypt:1)
  A hobgoblin zombie (D:12)
  20 kobolds
  3 orc skeletons (D:12)
  16 orc zombies (D:12)
  A quokka skeleton (Crypt:3)
  2 ball lightnings (Pan)
  2 creeping infernos
  12 fire vortices
  A lurking horror (Abyss:5)
  4 starspawn tentacles (Abyss:5)
  7 tentacles
3214 creatures vanquished.

Vanquished Creatures (collateral kills)
  Cerebov (Pan)
  A juggernaut (Dis:7)
  A royal mummy (Tomb:1)
  The ghost of Voqoasirir the Planerender, a veteran TeAE of Gozag (Zot:1)
  A caustic shrike (Dis:2)
  2 iron giants
  2 Hell Sentinels
  A searing wretch (Geh:7)
  2 acid blobs (Slime:5)
  An Executioner (Pan)
  4 sphinxes
  Donald (Elf:2)
  A daeva (Pan)
  A deep elf sorcerer (Elf:3)
  3 quicksilver elementals
  3 balrugs
  A frost giant (Hell)
  An angel (Pan)
  An ironbound preserver (Vaults:2)
  A war gargoyle (Dis:7)
  An ironbound thunderhulk (Vaults:2)
  A wendigo (Coc:1)
  3 crystal guardians
  An ettin (Orc:2)
  A blizzard demon (Hell)
  3 iron golems (Dis:6)
  A merfolk javelineer (Shoals:4)
  A deep elf death mage (Elf:3)
  A quicksilver dragon zombie (WizLab)
  2 jiangshi
  A merfolk impaler (Shoals:2)
  A hydra (Lair:2)
  2 yaktaur captains (Vaults:5)
  2 vault guards
  A hell beast (Hell)
  A spriggan air mage (Depths:2)
  A centaur warrior (Vaults:2)
  A dancing weapon (Elf:3)
  2 death scarabs (Tomb:1)
  A boulder beetle (D:11)
  A two-headed ogre (D:12)
  6 death yaks
  A vampire mage (Crypt:1)
  3 sun demons
  A shadow wraith (Pan)
  2 cherubim (Pan)
  2 skeletal warriors
  A quicksilver dragon simulacrum (Coc:1)
  3 orb spiders
  2 flayed ghosts (WizLab)
  2 phantasmal warriors
  4 deep elf pyromancers
  An orc knight (Orc:2)
  2 deep elf zephyrmancers
  A shining eye (Slime:4)
  A salamander (Depths:4)
  4 slime creatures
  An eye of devastation (Slime:5)
  A demonic crawler (Pan)
  2 hellions
  2 merfolk (Shoals:2)
  A meliai (Lair:3)
  2 jumping spiders (Spider:4)
  A yak (Lair:5)
  A water elemental (Shoals:2)
  A basilisk (Lair:1)
  A vampire mosquito (D:13)
  A naga skeleton (Pan)
  2 orc warriors (Orc:2)
  A merfolk simulacrum (Coc:1)
  A wolf (Bailey)
  3 centaurs (Orc:2)
  3 gnoll sergeants (Bailey)
  A wolf skeleton (Crypt:2)
  6 orc priests
  2 gnoll boudas (Bailey)
  An orc wizard (Orc:2)
  A mummy (Crypt:2)
  6 gnolls
  10 orcs
  3 jackals (D:3)
  2 goblins (D:3)
  3 ball lightnings (Pan)
  A creeping inferno (Geh:7)
  2 fire vortices
157 creatures vanquished.

Vanquished Creatures (others)
  An eldritch tentacle (Tar:7)
  A shadow dragon (Vaults:5)
  2 fire giants
  A lorocyproca (Hell)
  A yaktaur captain (Depths:3)
  A rakshasa (Pan)
  A centaur warrior (Shoals:2)
  A jorogumo (Spider:4)
  A soul eater (Hell)
  A sixfirhy (Pan)
  A deep elf pyromancer (Elf:1)
  A wolf spider (Spider:4)
  A moth of wrath (Spider:4)
  A torpor snail (Spider:4)
  A hellion (Geh:1)
  A tyrant leech (Spider:1)
  A jumping spider (Spider:4)
  2 flying skulls (WizLab)
  An alligator snapping turtle simulacrum (Coc:1)
  An electric eel (Spider:1)
  4 ball lightnings (Pan)
  2 creeping infernos
  4 foxfires (Abyss:5)
  22 fungi
  A lurking horror (Abyss:5)
  166 plants
  7 starspawn tentacles (Abyss:5)
  14 tentacles
242 creatures vanquished.

Grand Total: 3613 creatures vanquished

Notes
Turn   | Place    | Note
-------+----------+-------------------------------------------
     0 | D:1      | Lavandula the Demonspawn Gladiator began the quest for the
                  | Orb.
     0 | D:1      | Reached XP level 1. HP: 16/16 MP: 1/1
   231 | D:1      | Gained mutation: You regenerate a little health from kills.
                  | [demonic ancestry]
   231 | D:1      | Reached XP level 2. HP: 5/22 MP: 2/2
   647 | D:2      | Reached XP level 3. HP: 22/27 MP: 3/3
   797 | D:2      | Found Miapp's Magic Scroll Emporium.
  1222 | D:3      | Gained mutation: A weak demonic guardian rushes to your
                  | aid. [demonic ancestry]
  1222 | D:3      | Reached XP level 4. HP: 23/33 MP: 4/4
  1409 | D:3      | Reached skill level 1 in Shields
  1595 | D:3      | Noticed Robin
  1888 | D:3      | Reached skill level 5 in Long Blades
  1993 | D:3      | Noticed Natasha
  2002 | D:3      | Killed Natasha
  2003 | D:3      | Gained mutation: You are partially covered in rugged brown
                  | scales. (AC +1, +3% HP) [demonic ancestry]
  2003 | D:3      | Reached XP level 5. HP: 23/39 MP: 5/5
  2065 | D:3      | Found a faded altar of an unknown god.
  2179 | D:3      | Killed Robin
  2283 | D:4      | Noticed Grinder
  2470 | D:4      | Reached XP level 6. HP: 45/45 MP: 6/6
  2714 | D:4      | Paralysed by Grinder for 5 turns
  2732 | D:4      | Killed Grinder
  2733 | D:4      | Gained mutation: You have a small tail. [demonic ancestry]
  2733 | D:4      | Reached XP level 7. HP: 32/51 MP: 7/7
  2900 | D:4      | Found a shimmering altar of Xom.
  3210 | D:4      | Found a hide-covered altar of Uskayaw.
  3286 | D:5      | Entered Level 5 of the Dungeon
  3545 | D:5      | Identified the +5 long sword "Kaycias" {freeze, Contam rN+
                  | Dex+4}
  3574 | D:5      | Reached XP level 8. HP: 32/57 MP: 3/8
  4063 | D:5      | Found an ornate altar of the Wu Jian Council.
  4166 | D:6      | Learned a level 3 spell: Frozen Ramparts
  4249 | D:6      | Found a sparkling altar of Nemelex Xobeh.
  4283 | D:6      | Found a hazy altar of Hepliaklqana.
  4300 | D:6      | Found a staircase to the Ecumenical Temple.
  4341 | Temple   | Entered the Ecumenical Temple
  4408 | Temple   | Became a worshipper of Makhleb the Destroyer
  4996 | D:7      | Reached skill level 10 in Long Blades
  5096 | D:7      | You fall into a shaft and drop 1 floor!
  5096 | D:8      | Found an iron altar of Okawaru.
  5108 | D:8      | Noticed a hornet
  5139 | D:7      | Gained mutation: You have a tail ending in a sharp stinger.
                  | [demonic ancestry]
  5139 | D:7      | Reached XP level 9. HP: 62/62 MP: 9/9
  5145 | D:7      | Reached * piety under Makhleb
  5247 | D:7      | Found a snail-covered altar of Cheibriados.
  5290 | D:7      | Noticed Maggie
  5300 | D:7      | Killed Maggie
  5737 | D:8      | HP: 2/62 [electric eel/bolt of electricity (13)]
  6292 | D:8      | Reached ** piety under Makhleb
  6571 | D:8      | Found an opulent altar of Gozag.
  6696 | D:8      | Reached XP level 10. HP: 54/69 MP: 7/10
  6979 | D:9      | Found an ancient bone altar of Kikubaaqudgha.
  6992 | D:9      | Reached skill level 1 in Invocations
  7111 | D:9      | Found a flagged portal.
  7124 | Bailey   | Entered a bailey
  7147 | Bailey   | Reached *** piety under Makhleb
  7362 | Bailey   | Reached skill level 5 in Invocations
  7765 | D:9      | Found Zin's Purification Station.
  7773 | D:9      | Bought a potion of curing for 90 gold pieces
  8220 | D:9      | Reached skill level 5 in Fighting
  8227 | D:9      | Reached XP level 11. HP: 82/82 MP: 11/14
  8337 | D:10     | Entered Level 10 of the Dungeon
  8354 | D:10     | Found a radiant altar of Vehumet.
  8883 | D:10     | Found a runed translucent door.
  8883 | D:10     | Found a shimmering altar of Xom.
  8883 | D:10     | Noticed Kiciri's ghost (journeyman DsFE)
  8884 | D:10     | Noticed a +1 trident of chaos
  9100 | D:11     | Reached skill level 1 in Armour
  9437 | D:11     | Found a staircase to the Lair.
  9452 | D:11     | Reached **** piety under Makhleb
  9706 | D:11     | Noticed a boulder beetle
  9726 | D:11     | Killed a boulder beetle
  9727 | D:11     | Reached skill level 5 in Armour
  9775 | D:11     | Noticed a boulder beetle
  9787 | D:11     | Killed a boulder beetle
 10210 | D:12     | Found a staircase to the Orcish Mines.
 10435 | D:12     | Noticed a two-headed ogre
 10446 | D:12     | Killed a two-headed ogre
 10499 | D:12     | Gained mutation: You are mostly covered in rugged brown
                  | scales. (AC +2, +5% HP) [demonic ancestry]
 10499 | D:12     | Reached XP level 12. HP: 55/98 MP: 6/15
 11340 | Lair:1   | Entered Level 1 of the Lair of Beasts
 11408 | Lair:1   | Found a dark tunnel.
 11413 | Volcano  | Entered a volcano
 11448 | Volcano  | Noticed a two-headed ogre
 11459 | Volcano  | Killed a two-headed ogre
 11492 | Volcano  | Noticed a two-headed ogre
 11492 | Volcano  | Noticed a hell hog
 11501 | Volcano  | Reached skill level 10 in Fighting
 11514 | Volcano  | Killed a hell hog
 11519 | Volcano  | Killed a two-headed ogre
 11519 | Volcano  | Reached ***** piety under Makhleb
 11756 | Lair:1   | Reached skill level 5 in Dodging
 11791 | Lair:1   | Noticed Harold
 11806 | Lair:1   | Killed Harold
 12382 | Lair:2   | Noticed a seven-headed hydra
 12393 | Lair:2   | Killed a seven-headed hydra
 12424 | Lair:2   | Reached XP level 13. HP: 93/111 MP: 10/16
 13586 | Lair:2   | Found a staircase to the Shoals.
 14088 | Lair:3   | Found a hole to the Spider Nest.
 14124 | Lair:3   | Noticed Sonja
 14138 | Lair:3   | Killed Sonja
 14139 | Lair:3   | Reached skill level 1 in Evocations
 14206 | Lair:3   | Noticed Amaemon
 14230 | Lair:3   | Killed Amaemon
 14699 | Lair:3   | Identified the ring of Winter {rN+ Will+ Dex+6}
 14984 | Lair:4   | Reached skill level 1 in Axes
 15051 | Lair:4   | Reached skill level 2 in Axes
 15373 | Lair:4   | Reached skill level 3 in Axes
 15487 | Lair:4   | Reached skill level 4 in Axes
 15636 | Lair:4   | Reached XP level 14. HP: 78/120 MP: 14/19
 15648 | Lair:4   | Reached skill level 5 in Axes
 16483 | Lair:5   | Entered Level 5 of the Lair of Beasts
 16778 | D:2      | Bought a scroll of blinking for 105 gold pieces
 16778 | D:2      | Bought a scroll of amnesia for 56 gold pieces
 16778 | D:2      | Bought a scroll of enchant armour for 105 gold pieces
 16778 | D:2      | Bought a scroll of fog for 56 gold pieces
 16778 | D:2      | Bought a scroll of magic mapping for 105 gold pieces
 16778 | D:2      | Bought a scroll of poison for 56 gold pieces
 16780 | D:2      | Identified 2 scrolls of acquirement
 16789 | D:2      | Acquired a manual of Throwing
 16791 | D:2      | Acquired the amulet of Vehicw {rN+ Regen+ rCorr Int+3
                  | Slay-5}
 16990 | Orc:1    | Entered Level 1 of the Orcish Mines
 17025 | Orc:1    | Reached skill level 6 in Axes
 17236 | Orc:2    | Entered Level 2 of the Orcish Mines
 17254 | Orc:2    | Found a staircase to the Elven Halls.
 17955 | Orc:1    | Reached skill level 7 in Axes
 18777 | Orc:2    | Reached skill level 8 in Axes
 18813 | Orc:2    | Found Sueged's Magic Scroll Shoppe.
 18813 | Orc:2    | Found Iperab's Magic Scroll Shop.
 18815 | Orc:2    | Found Burioram's Antique Weapon Boutique.
 18817 | Orc:2    | Found Guluco Bout's General Store.
 18821 | Orc:2    | Bought a scroll of butterflies for 56 gold pieces
 18821 | Orc:2    | Bought a scroll of immolation for 56 gold pieces
 18821 | Orc:2    | Bought a scroll of vulnerability for 56 gold pieces
 18822 | Orc:2    | Bought a scroll of teleportation for 48 gold pieces
 18822 | Orc:2    | Bought a scroll of blinking for 120 gold pieces
 18822 | Orc:2    | Bought a scroll of fear for 64 gold pieces
 18870 | Orc:1    | Reached ****** piety under Makhleb
 19419 | D:13     | Reached skill level 9 in Axes
 20364 | D:14     | Reached skill level 10 in Axes
 20870 | D:15     | Entered Level 15 of the Dungeon
 20906 | D:15     | Found a sparkling altar of Nemelex Xobeh.
 21250 | Orc:2    | Bought the +8 Wrath of Trog {antimagic, *Rage Rampage} for
                  | 1840 gold pieces
 21250 | Orc:2    | Found the +8 Wrath of Trog {antimagic, *Rage Rampage}
 21703 | D:15     | Reached skill level 11 in Axes
 21941 | D:15     | Noticed a fire giant
 22079 | D:15     | Reached XP level 15. HP: 120/120 MP: 4/20
 22138 | D:15     | Found a staircase to the Depths.
 22354 | Shoals:1 | Entered Level 1 of the Shoals
 22418 | Shoals:1 | Reached skill level 12 in Axes
 22737 | Shoals:1 | Reached skill level 13 in Axes
 23777 | Shoals:2 | Reached skill level 14 in Axes
 23939 | Shoals:2 | Noticed a kraken
 23994 | Shoals:2 | Acquired a manual of Fighting
 24826 | Shoals:2 | Killed a kraken
 25215 | Shoals:3 | Found Nasic's Assorted Antiques.
 25256 | Shoals:3 | Bought a brown potion for 38 gold pieces
 25285 | Shoals:3 | Reached skill level 15 in Axes
 25347 | Shoals:3 | Gained mutation: You regenerate health from kills. [demonic
                  | ancestry]
 25347 | Shoals:3 | Reached XP level 16. HP: 137/137 MP: 7/21
 26428 | Shoals:3 | Found the +3 pair of mountain boots {steadfast, rC+}
 26527 | Shoals:4 | Entered Level 4 of the Shoals
 26762 | Shoals:4 | Reached skill level 16 in Axes
 27119 | Shoals:4 | Noticed a kraken
 27133 | Shoals:4 | Killed a kraken
 27189 | Shoals:4 | Identified the +7 hand crossbow "Sutuukla" {antimagic,
                  | Will++}
 27533 | Shoals:4 | Noticed Polyphemus
 27551 | Shoals:4 | Killed Polyphemus
 27661 | Shoals:4 | Reached skill level 17 in Axes
 27754 | Shoals:4 | Identified the +2 leather armour of the Garden {Str+4
                  | Int+2}
 28252 | Shoals:4 | Got a barnacled rune of Zot
 28288 | Shoals:4 | Identified the staff of poison "Camm" {rPois Will++ Str-2
                  | Dex+2}
 28405 | Spider:1 | Entered Level 1 of the Spider Nest
 28828 | Spider:1 | Reached skill level 18 in Axes
 28828 | Spider:1 | Gained mutation: You occasionally shout uncontrollably at
                  | your foes. [mutagenic glow]
 29271 | Spider:2 | Gained mutation: You have a sharp stinger which inflicts
                  | weakening toxins. [demonic ancestry]
 29271 | Spider:2 | Reached XP level 17. HP: 135/136 MP: 4/22
 29810 | Spider:2 | Reached skill level 19 in Axes
 29810 | Spider:2 | Gained mutation: You regenerate a lot of health from kills.
                  | [demonic ancestry]
 29810 | Spider:2 | Reached XP level 18. HP: 151/151 MP: 6/23
 30535 | Spider:3 | Gained mutation: Your body sometimes deteriorates upon
                  | taking damage. [mutagenic glow]
 30551 | Spider:3 | Gained mutation: You are dopey. (Int -2) [mutagenic glow]
 30720 | Spider:3 | Reached skill level 20 in Axes
 31071 | Spider:3 | Identified the +0 scale mail of Fedhas {rC++ Str+4}
 31245 | Spider:4 | Entered Level 4 of the Spider Nest
 31343 | Spider:4 | Identified the +0 whip of Huidinea {speed, Drain rC+ rN++
                  | rCorr}
 31465 | Spider:4 | Noticed Arachne
 31478 | Spider:4 | Killed Arachne
 31700 | Spider:4 | Reached skill level 21 in Axes
 32054 | Spider:4 | Got a gossamer rune of Zot
 32395 | Spider:4 | Gained mutation: You are completely covered in rugged brown
                  | scales. (AC +3, +7% HP) [demonic ancestry]
 32395 | Spider:4 | Reached XP level 19. HP: 160/160 MP: 5/24
 32801 | Elf:1    | Entered Level 1 of the Elven Halls
 33010 | Elf:1    | Noticed a Tzitzimitl
 33011 | Abyss:2  | Cast into level 2 of the Abyss (a deep elf demonologist)
 33078 | Elf:1    | Escaped the Abyss
 33096 | Elf:1    | Found Noufyhodgh's Armour Shop.
 33773 | Elf:1    | Reached skill level 22 in Axes
 34286 | Elf:1    | Paralysed by an air elemental for 1 turns
 34289 | Elf:1    | Paralysed by an air elemental for 1 turns
 34923 | Elf:2    | Reached skill level 23 in Axes
 35238 | Elf:2    | Found a runed translucent gate.
 35239 | Elf:2    | Found a runed translucent gate.
 35240 | Elf:2    | Found a runed translucent gate.
 35499 | Elf:2    | Noticed Donald
 35517 | Elf:2    | Killed Donald
 35908 | Elf:3    | Entered Level 3 of the Elven Halls
 35929 | Elf:3    | Noticed a Brimstone Fiend
 36227 | Elf:3    | Paralysed by an air elemental for 1 turns
 36436 | Elf:3    | Reached skill level 24 in Axes
 36800 | Elf:3    | Gained mutation: Your presence sometimes corrodes those you
                  | injure. [demonic ancestry]
 36800 | Elf:3    | Reached XP level 20. HP: 170/170 MP: 8/25
 36839 | Elf:3    | Reached skill level 15 in Fighting
 37081 | Elf:3    | Identified the ring of Light {Fly AC+4}
 37394 | Elf:3    | Identified the +4 arbalest "Cooro" {drain, rElec rN+ MP+9}
 37439 | Elf:3    | Identified the +6 rapier "Bung" {antimagic, rC++}
 37492 | Elf:3    | Identified the +4 shortbow of Ecsor {antimagic, Str+6}
 37509 | Elf:3    | Got the Volume of Gathered Concussion
 37563 | Elf:3    | Identified the +0 scale mail of the Kettle-Drum {Int+3}
 37566 | Elf:3    | Identified the +8 chain mail "Razot" {Drain rPois Regen+
                  | Int+7}
 37584 | Elf:3    | Learned a level 1 spell: Apportation
 37588 | Elf:3    | Learned a level 3 spell: Swiftness
 37801 | D:14     | Found a gate to the Vaults.
 37845 | D:14     | Learned a level 4 spell: Passage of Golubria
 37846 | Vaults:1 | Entered Level 1 of the Vaults
 38099 | Vaults:1 | Found Tyfuech's Weapon Emporium.
 38324 | Vaults:1 | Bought a throwing net for 54 gold pieces
 38579 | Orc:2    | Bought a scroll of acquirement for 728 gold pieces
 38579 | Orc:2    | Acquired the +2 pair of gloves "Fuiteifo" {Str+5 Dex+4}
 38592 | Orc:2    | Bought a scroll of fog for 56 gold pieces
 38592 | Orc:2    | Bought a scroll of fog for 56 gold pieces
 38592 | Orc:2    | Bought a scroll of enchant armour for 105 gold pieces
 38594 | Orc:2    | Bought a potion of heal wounds for 60 gold pieces
 38594 | Orc:2    | Bought a potion of cancellation for 96 gold pieces
 38594 | Orc:2    | Bought a scroll of poison for 48 gold pieces
 38812 | D:2      | Bought a scroll of blinking for 105 gold pieces
 39688 | Vaults:1 | Reached skill level 10 in Armour
 39956 | Vaults:2 | Gained mutation: A demonic guardian rushes to your aid.
                  | [demonic ancestry]
 39956 | Vaults:2 | Reached XP level 21. HP: 195/195 MP: 17/26
 40270 | Vaults:2 | Noticed a dread lich
 40298 | Vaults:2 | Killed a dread lich
 41051 | Vaults:2 | Learned a level 2 spell: Blink
 41072 | Vaults:2 | Found a staircase to the Crypt.
 41079 | Vaults:2 | Reached skill level 1 in Translocations
 41084 | Crypt:1  | Entered Level 1 of the Crypt
 41470 | Crypt:1  | Found a basalt altar of Yredelemnul.
 41528 | Crypt:1  | Reached skill level 5 in Translocations
 41531 | Crypt:1  | Paralysed by a vampire knight for 3 turns
 41857 | Crypt:1  | Identified the +5 rapier of the Dancing Stork {venom, rPois
                  | rCorr}
 41862 | Crypt:1  | Got Sif Muna's Almanac of Feathery Breccia
 42171 | Crypt:2  | Noticed Sojobo
 42178 | Crypt:1  | Paralysed by an air elemental for 1 turns
 42182 | Crypt:1  | Killed Sojobo
 42410 | Crypt:2  | Reached XP level 22. HP: 192/209 MP: 7/27
 42712 | Crypt:2  | Noticed Khufu
 42750 | Crypt:2  | Identified the ring "Pyblu Laska" {Ice Contam Dex+3 Slay+2}
 42750 | Crypt:2  | Noticed Josephina
 42752 | Crypt:2  | Killed Khufu
 42769 | Crypt:2  | Killed Josephina
 42984 | Crypt:2  | Reached skill level 1 in Spellcasting
 43380 | Crypt:3  | Entered Level 3 of the Crypt
 43704 | Crypt:3  | Upgraded the game from 0.30-a0-1050-g2766ea1e55 to
                  | 0.30-a0-1059-g7dea3e163d
 43720 | Crypt:3  | Reached skill level 5 in Spellcasting
 43826 | Crypt:3  | Reached skill level 1 in Air Magic
 43858 | Crypt:3  | Found the +8 demon blade "Leech" {evervamp, Harm Drain rN+}
 43883 | Crypt:3  | Found a staircase to the Tomb.
 44013 | Crypt:3  | Noticed a curse toe
 44018 | Crypt:3  | Noticed a dread lich
 44018 | Crypt:3  | Noticed a dread lich
 44018 | Crypt:3  | Noticed a dread lich
 44054 | Crypt:3  | Killed a curse toe
 44317 | Crypt:3  | Killed a dread lich
 44322 | Crypt:3  | Killed a dread lich
 44328 | Crypt:3  | Killed a dread lich
 44329 | Crypt:3  | Reached skill level 5 in Air Magic
 44349 | Crypt:3  | Identified the +8 mace of the Pharaoh's Fist {vamp, *Noise
                  | Str+5}
 44353 | Crypt:3  | Noticed Vv
 44407 | Crypt:3  | Killed Vv
 44533 | Crypt:3  | Got Engi Ver's Compilation of Metamorphic Jinxing
 44535 | Crypt:3  | Got the Codex of the Graveyard
 44538 | Crypt:3  | Identified the ring "Dacadabo" {Will++ MP+9 Str+2}
 44836 | Tomb:1   | Entered Level 1 of the Tomb of the Ancients
 45425 | Tomb:1   | Noticed a royal mummy
 45439 | Tomb:1   | Killed a royal mummy
 45659 | Tomb:1   | Noticed a royal mummy
 45671 | Tomb:1   | Killed a royal mummy
 46530 | Depths:1 | Entered Level 1 of the Depths
 46560 | Depths:1 | Paralysed by a floating eye for 4 turns
 46566 | Depths:1 | Reached XP level 23. HP: 203/217 MP: 11/30
 46696 | Depths:1 | Found a one-way gate leading to the halls of Pandemonium.
 46761 | Depths:1 | Reached skill level 15 in Armour
 46833 | Depths:1 | Found a gateway to Hell.
 47283 | Depths:1 | Found a portal to a secret trove of treasure.
 47628 | Depths:2 | Found a transporter.
 47644 | Depths:2 | Found a transporter.
 47658 | Depths:2 | Found a transporter.
 47737 | Depths:2 | Found a transporter.
 48859 | Depths:2 | Found Heri Zeq's Book Emporium.
 48859 | Depths:2 | Found Oximid's Jewellery Shop.
 48860 | Depths:2 | Found Yxyuz's Jewellery Shop.
 49458 | Depths:3 | Identified the +4 plate armour of Uladgh {rF+ Will+}
 49503 | Depths:3 | Reached skill level 1 in Ice Magic
 49516 | Depths:3 | Found an iron altar of Okawaru.
 49543 | Depths:3 | Identified the +1 falchion of Harmony {vamp, Dex+5}
 49601 | Depths:3 | Identified the +0 pair of gloves of Slovenliness {-Tele
                  | Will+ Dex+3}
 49612 | Depths:3 | Identified the +6 war axe of the Loving Pariah {freeze,
                  | *Rage rF- Str+9 Dex+4}
 49789 | Depths:3 | Found a one-way gateway to a ziggurat.
 50097 | Depths:3 | Gained mutation: A powerful demonic guardian rushes to your
                  | aid. [demonic ancestry]
 50097 | Depths:3 | Reached XP level 24. HP: 221/222 MP: 26/30
 50331 | Depths:4 | Entered Level 4 of the Depths
 50341 | Depths:4 | Reached skill level 5 in Ice Magic
 50669 | Depths:3 | Reached skill level 10 in Dodging
 50970 | Depths:4 | Found a gate to the Realm of Zot.
 51249 | Depths:4 | Reached skill level 10 in Invocations
 51543 | Depths:2 | Bought a ring of resist corrosion for 380 gold pieces
 52553 | Lair:5   | Noticed Nessos
 52555 | Lair:5   | Found a staircase to the Slime Pits.
 52563 | Lair:5   | Killed Nessos
 52766 | Slime:1  | Entered Level 1 of the Pits of Slime
 53270 | Slime:5  | Entered Level 5 of the Pits of Slime
 53432 | Slime:5  | Noticed the Royal Jelly
 53550 | Slime:5  | Reached skill level 15 in Invocations
 53585 | Slime:5  | Found a viscous altar of Jiyva.
 53673 | Slime:5  | Gained mutation: Your presence sometimes corrodes or
                  | deforms those you injure. [demonic ancestry]
 53673 | Slime:5  | Reached XP level 25. HP: 125/232 MP: 16/34
 53697 | Slime:5  | Killed the Royal Jelly
 53737 | Slime:5  | Got a slimy rune of Zot
 53745 | Slime:5  | Identified the +8 war axe of Ugaj {venom, Int+5 SInv}
 53774 | Slime:5  | Got Cigotuvi's Atlas of Mutable Bodies
 53785 | Slime:5  | Identified the +0 scale mail of Ewaeq {rElec Int+3}
 54456 | Vaults:3 | Noticed Boris
 54462 | Vaults:3 | Killed Boris
 54471 | Abyss:3  | Found a corrupted altar of Lugonu.
 54471 | Abyss:3  | Cast into level 3 of the Abyss (vault guard)
 54479 | Abyss:3  | Found a corrupted altar of Lugonu.
 54485 | Abyss:4  | Found a corrupted altar of Lugonu.
 54496 | Abyss:4  | Noticed a dread lich
 54504 | Abyss:4  | Killed a dread lich
 54552 | Abyss:5  | Got an abyssal rune of Zot
 54564 | Vaults:3 | Escaped the Abyss
 54713 | Vaults:3 | Identified the +0 leather armour of Fun and Games {rC+
                  | rCorr}
 55033 | Vaults:3 | Noticed Aizul
 55037 | Vaults:3 | Killed Aizul
 55372 | Vaults:3 | Identified the +0 scale mail of Egalitarianism {rPois Will+
                  | Int+4}
 55937 | Vaults:4 | Found a magical portal.
 55942 | WizLab   | Entered Borgnjor's Mausoleum
 56121 | WizLab   | Reached skill level 5 in Throwing
 56205 | WizLab   | Got Borgnjor's Book of Sinister Arts
 56732 | Vaults:4 | Noticed Boris
 56744 | Vaults:4 | Killed Boris
 56937 | Vaults:4 | Noticed Bai Suzhen
 56951 | Vaults:4 | Killed Bai Suzhen
 57173 | Vaults:4 | Reached skill level 10 in Throwing
 57533 | Vaults:5 | Entered Level 5 of the Vaults
 57563 | Vaults:5 | Reached XP level 26. HP: 238/240 MP: 21/37
 57810 | Vaults:5 | Identified the ring of Feckeong {rN+ Int+6}
 57983 | Vaults:5 | Noticed a dread lich
 58002 | Vaults:4 | Killed a dread lich
 58108 | Vaults:5 | Identified the +0 robe "Locrua" {rN+ Dex-2 SInv}
 58433 | Vaults:5 | Noticed a dread lich
 58434 | Vaults:5 | Noticed a dread lich
 58448 | Vaults:5 | Killed a dread lich
 58449 | Vaults:5 | Killed a dread lich
 58788 | Vaults:5 | Got a silver rune of Zot
 58789 | Vaults:5 | Identified the +4 sling of Itanemoi {drain, MP+9 Str+2}
 58796 | Vaults:5 | Identified the +1 short sword "Gaad" {elec, Dex+3}
 58964 | Vaults:5 | Identified the +0 pair of boots of Courage {+Inv}
 59441 | Depths:2 | Bought the ring "Dahexkegu" {rF+ Will+++ Str+6 Dex+4} for
                  | 1641 gold pieces
 59684 | D:10     | Killed Kiciri's ghost
 59888 | Depths:1 | Learned a level 7 spell: Enfeeble
 59891 | Hell     | Entered the Vestibule of Hell
 59891 | Hell     | Noticed Geryon
 59912 | Hell     | Killed Geryon
 59934 | Hell     | Reached skill level 15 in Dodging
 60297 | Hell     | Found a gateway to the freezing wastes of Cocytus.
 60423 | Hell     | Found a gateway to the decaying netherworld of Tartarus.
 60496 | Hell     | Found a gateway to the ashen valley of Gehenna.
 60660 | Hell     | Found a gateway to the Iron City of Dis.
 60698 | Pan      | Entered Pandemonium
 60810 | Pan      | Noticed Ignacio
 60817 | Pan      | Killed Ignacio
 61086 | Pan      | Gained mutation: You can speak a Word of Chaos. [demonic
                  | ancestry]
 61086 | Pan      | Reached XP level 27. HP: 230/232 MP: 37/37
 61093 | Pan      | Reached skill level 5 in Hexes
 61157 | Pan      | Entered the realm of Cerebov.
 61169 | Pan      | Found the +6 sword of Cerebov {flame}
 61169 | Pan      | Noticed Cerebov
 61316 | Pan      | Killed Cerebov
 61331 | Pan      | Identified the +1 robe of the Iron Devil {Harm rElec rC+
                  | Int+2}
 61358 | Pan      | Identified the +5 trident of the Unbearable God {drain,
                  | Dex+2}
 61358 | Pan      | Identified the ring "Temmiepu" {rF+ Str-3 Dex+6 SInv}
 61382 | Pan      | Identified the +5 plate armour of Vehumet's Pride {Str+2
                  | Int+4}
 61395 | Pan      | Got Sif Muna's Notes on Envenoming
 61398 | Pan      | Identified the ring "Juopufus" {rF- rCorr Str+6 Int+3
                  | Slay+5}
 61436 | Pan      | Reached skill level 10 in Hexes
 61455 | Pan      | Got a fiery rune of Zot
 61473 | Pan      | Identified the +4 plate armour of Resonance {-Cast rN+
                  | Str+2}
 61476 | Pan      | Identified the staff of death "Itroj" {*Slow rF+ rN+ Int+4}
 61477 | Pan      | Identified the staff of conjuration "Zuxi" {Drain Int+4}
 62139 | Pan      | Identified the +6 scale mail of the Falcon {rElec rN+ Int-2
                  | Dex+2}
 62177 | Pan      | Reached skill level 25 in Axes
 62492 | Pan      | Identified the +3 buckler "Tesesut" {rElec MP+9 Stlth-}
 62664 | Pan      | Acquired the +3 pair of seven-league boots {Rampage+∞}
 62664 | Pan      | Found the +3 pair of seven-league boots {Rampage+∞}
 62703 | Pan      | Reached skill level 26 in Axes
 62840 | Pan      | Identified the +0 tower shield "Jared" {Rampage Drain rPois
                  | Dex+2}
 63286 | Pan      | Noticed a seraph
 63296 | Pan      | Identified the +13 tower shield of Inviolability {rF+}
 63322 | Pan      | Killed a seraph
 63385 | Pan      | Identified the +3 battleaxe of Uxkurhao {freeze, *Corrode
                  | rPois Will+ Dex+3}
 63386 | Pan      | Identified the +5 war axe "Baziux" {holy, rElec rF- Dex+3}
 63386 | Pan      | Identified the +1 plate armour of Vanity {Rampage}
 63386 | Pan      | Identified the ring of Scepticism {Fire rN++ Str-2}
 63429 | Pan      | Got a demonic rune of Zot
 63514 | Pan      | Identified the +2 whip of a Thousand Quests {venom, rC+
                  | rN+}
 63515 | Pan      | Identified the +5 dagger of Freezing Gallantry {antimagic,
                  | Int+3}
 63599 | Depths:1 | Escaped Pandemonium
 63618 | Pan      | Entered the realm of Gloorx Vloq.
 63618 | Pan      | Entered Pandemonium
 63742 | Pan      | Found an exit through the horrors of the Abyss.
 64280 | Pan      | Noticed Gloorx Vloq
 64300 | Pan      | Killed Gloorx Vloq
 64403 | Pan      | Got a dark rune of Zot
 64886 | Pan      | Identified the +0 short sword "Xeothott" {pain, Dex+5}
 65243 | Pan      | Entered the realm of Mnoleg.
 65251 | Pan      | Gained mutation: You frequently scream uncontrollably at
                  | your foes. [a neqoxec]
 65255 | Pan      | Gained mutation: Your spells are a little easier to cast,
                  | but a little less powerful. [a cacodemon]
 65265 | Pan      | Gained mutation: You are vulnerable to cold. (rC-) [a
                  | neqoxec]
 65292 | Pan      | Gained mutation: Your spells are easier to cast, but less
                  | powerful. [a neqoxec]
 65295 | Pan      | Noticed Mnoleg
 65308 | Pan      | Killed Mnoleg
 65314 | Pan      | Gained mutation: You are frail. (-10% HP) [a neqoxec]
 65326 | Pan      | Reached skill level 15 in Hexes
 65369 | Pan      | Got a glowing rune of Zot
 65506 | Pan      | Found an exit through the horrors of the Abyss.
 65519 | Pan      | Entered the realm of Lom Lobon.
 65520 | Pan      | Lost mutation: Your body sometimes deteriorates upon taking
                  | damage. [potion of mutation]
 65520 | Pan      | Lost mutation: Your spells are easier to cast, but less
                  | powerful. [potion of mutation]
 65520 | Pan      | Gained mutation: You have a pair of small horns on your
                  | head. [potion of mutation]
 65520 | Pan      | Gained mutation: Your flesh is heat resistant. (rF+)
                  | [potion of mutation]
 65521 | Pan      | Lost mutation: You are frail. (-10% HP) [potion of
                  | mutation]
 65521 | Pan      | Lost mutation: You are vulnerable to cold. (rC-) [potion of
                  | mutation]
 65521 | Pan      | Lost mutation: Your spells are a little easier to cast, but
                  | a little less powerful. [potion of mutation]
 65521 | Pan      | Gained mutation: You are strong-willed. (Will+) [potion of
                  | mutation]
 65521 | Pan      | Gained mutation: You are somewhat resistant to further
                  | mutation. [potion of mutation]
 65678 | Pan      | Found an exit through the horrors of the Abyss.
 66185 | Pan      | Noticed Lom Lobon
 66267 | Pan      | Got a magical rune of Zot
 66355 | Pan      | Killed Lom Lobon
 66448 | Pan      | Took an exit into the Abyss.
 66448 | Abyss:5  | Escaped into the Abyss
 66448 | Abyss:5  | Found a corrupted altar of Lugonu.
 66586 | Abyss:5  | Found a corrupted altar of Lugonu.
 66641 | Depths:1 | Escaped the Abyss
 66693 | Geh:1    | Entered Level 1 of Gehenna
 66938 | Geh:3    | Noticed a dread lich
 66948 | Geh:3    | Killed a dread lich
 67415 | Geh:7    | Entered Level 7 of Gehenna
 67816 | Geh:7    | Found the +13 sceptre of Asmodeus
 67816 | Geh:7    | Noticed Asmodeus
 67860 | Geh:7    | Killed Asmodeus
 67861 | Geh:7    | Reached skill level 27 in Axes
 67938 | Geh:7    | Got an obsidian rune of Zot
 68174 | Geh:7    | Got the Octavo of Congealing Ill Luck
 68178 | Geh:7    | Got the Tractate on Production
 68349 | Dis:1    | Entered Level 1 of the Iron City of Dis
 68865 | Dis:5    | HP: 9/187 [iron golem[an iron giant] (9)]
 69218 | Dis:5    | Learned a level 9 spell: Death's Door
 69303 | Dis:5    | Reached skill level 1 in Necromancy
 69466 | Dis:6    | Reached skill level 5 in Necromancy
 69612 | Dis:7    | Entered Level 7 of the Iron City of Dis
 69649 | Dis:7    | Got the Compilation of the Gaseous Coward
 69996 | Dis:7    | Reached skill level 10 in Necromancy
 70293 | Dis:7    | Noticed a juggernaut
 70301 | Dis:7    | Killed a juggernaut
 70406 | Dis:7    | Noticed a juggernaut
 70414 | Dis:7    | Killed a juggernaut
 70645 | Dis:7    | Noticed a juggernaut
 70652 | Dis:7    | Killed a juggernaut
 70889 | Dis:7    | Learned a level 7 spell: Malign Gateway
 70915 | Dis:7    | Reached skill level 1 in Summonings
 71127 | Dis:7    | Noticed Dispater
 71336 | Dis:7    | Found the necklace of Bloodlust {Fury *Rage Will++ Int-3
                  | Slay+6}
 71337 | Dis:7    | Got an iron rune of Zot
 71451 | Tar:1    | Entered Level 1 of Tartarus
 71665 | Tar:2    | Reached skill level 5 in Summonings
 72037 | Tar:7    | Entered Level 7 of Tartarus
 72260 | Tar:7    | Reached skill level 10 in Summonings
 72369 | Tar:7    | Noticed the Serpent of Hell
 72476 | Tar:7    | Identified the +6 scale mail "Cevewk" {rPois}
 72498 | Tar:7    | Noticed a dread lich
 72513 | Tar:7    | Noticed an ancient lich
 72514 | Tar:7    | Killed a dread lich
 72521 | Tar:7    | Killed an ancient lich
 72593 | Tar:7    | Killed the Serpent of Hell
 72672 | Tar:7    | Noticed Ereshkigal
 72909 | Tar:7    | Reached skill level 15 in Summonings
 72992 | Tar:7    | Noticed an ancient lich
 72995 | Tar:7    | Noticed a dread lich
 73010 | Tar:7    | Killed an ancient lich
 73013 | Tar:7    | Killed a dread lich
 73018 | Tar:7    | Identified the +2 ring mail of Impressiveness {rN+}
 73020 | Tar:7    | Identified the +0 chain mail of a treasure trove {*Slow
                  | rF+++ Int-3 Dex+7}
 73024 | Tar:7    | Identified the ring "Ipaqirph" {Wiz rCorr Str+2 Slay+3}
 73160 | Tar:7    | Killed Ereshkigal
 73235 | Tar:7    | Reached skill level 10 in Translocations
 73374 | Tar:7    | Got a bone rune of Zot
 73398 | Tar:7    | Identified the +1 great sword of the Valley of Death
                  | {heavy, Will+}
 73587 | Zot:1    | Entered Level 1 of the Realm of Zot
 73818 | Zot:1    | Noticed Voqoasirir's ghost (veteran TeAE)
 73842 | Zot:1    | Found a runed translucent door.
 74481 | Zot:1    | Killed Voqoasirir's ghost
 74534 | Zot:2    | Noticed an orb of fire
 74621 | Coc:1    | Entered Level 1 of Cocytus
 74704 | Coc:1    | Paralysed by a wendigo for 1 turns
 74999 | Coc:2    | HP: 1/204 [stone giant simulacrum (10)]
 75000 | Coc:2    | wtf
 75001 | Coc:2    | Mangled by a nargun

Illustrated notes

#≈≈≈≈≈≈≈#≈##
#≈≈≈≈≈≈≈#≈~
#≈≈≈≈≈≈≈≈≈#
≈≈≈≈≈≈≈≈≈≈
≈≈≈≈≈≈≈≈≈#
#≈.....1
##...ZZ##
#....Z@Z#
#....ZZbR#
#.....ZZ.ZR.
#....≈≈...Z...
#....≈........
#...≈~........
#..≈~....#≈≈≈#
#≈≈≈~..~~≈222≈


Turn 75000 on Coc:2: wtf

Levels and vault maps discovered:
D:1:      dpeg_arrival_court, layout_basic
D:2:      layout_rooms, serial_shops, shop
D:3:      layout_basic, basic_ecumenical_altar, uniq_robin, uniq_natasha
D:4:      layout_cave_pools, kennysheep_little_box, xom_teletrap_fun,
          uniq_grinder
D:5:      layout_basic, lemuel_coloured_pillars_altar
D:6:      layout_loops_ring, mainiacjoe_overflow_tiny_flanked,
          nicolae_overflow_two_pavilions, minmay_temple_entry_mist
D:7:      layout_loops_ring, chequers_temple_overflow_statue_of_worship,
          uniq_maggie
D:8:      layout_cave_pools, okawaru_ov_weapons_minmay,
          mainiacjoe_overflow_alcove_1, serial_bayou, serial_bayou_pond_c,
          serial_bayou_lagoon_a, serial_bayou_crossing, serial_bayou_pond_c,
          serial_bayou_lagoon_b
D:9:      layout_big_octagon, zin_purify, lemuel_round_altar, enter_bailey_4,
          minmay_misc_feat_alley, nicolae_straight_to_the_point
D:10:     layout_loops_cross, old_standard_altar, ebering_ghost_xom
D:11:     layout_gridville, erik_lair_orcish_takeover
D:12:     layout_basic, zombieorc2_lemuel, hangedman_decor_points
D:13:     layout_small_grid
D:14:     layout_grid_maze, grunt_vaults_entry_tiered
D:15:     grunt_enter_depths_giant_problem, layout_grid_maze,
          nemelex_diamond_rough_becter
Temple:   nicolae_temple_cloud_nine
Lair:1:   layout_hall_layers, nicolae_volcano_entry_s_turn, minivault_11,
          infiniplex_staircase_pool, uniq_harold
Lair:2:   layout_chaotic_city, elwin_shoals_entry_rooms, serial_bayou_ford_a,
          nicolae_quartered_pool_impasse
Lair:3:   layout_loops_ring, hellmonk_spider_entry_not_the_bees,
          grunt_megastairs_5, serial_bayou_shore_b, uniq_amaemon, uniq_sonja
Lair:4:   layout_roguey [special_room_bee], cheibrodos_lair_caveside_slide,
          grunt_megastairs_2
Lair:5:   minmay_lair_end_enchanted_forest, layout_gridlike, slime_entry_1,
          uniq_nessos
Shoals:1: layout_shoals, shoals_oasis
Shoals:2: cheibrodos_shoals_satyrical_garden, layout_shoals,
          nicolae_shop_dragon_depot
Shoals:3: layout_shoals, serial_shops, nicolae_square_shop
Shoals:4: shoals_end_simple, layout_shoals, nicolae_shoals_lost_giant_hut,
          uniq_polyphemus
Spider:1: nicolae_spider_jumping_over_cracks
          [nicolae_spider_jumping_sub_no_exit,
          nicolae_spider_jumping_sub_stairs, nicolae_spider_jumping_sub_lake,
          nicolae_spider_jumping_sub_pools], nicolae_spider_swamp_cousins
Spider:2: layout_spider_delve, hangedman_spider_tarantella_strand
Spider:3: nicolae_spider_mines_2
Spider:4: johnstein_spider_rune_arachne_lair, nicolae_spider_moth_buddies
Slime:1:  layout_caves
Slime:2:  nicolae_slime_infinislime, layout_caves,
          cheibrodos_slime_lost_civilization_4
Slime:3:  layout_caves, nicolae_slime_barrier, nicolae_slime_getting_an_eyeful
Slime:4:  nicolae_slime_pool, layout_caves
Slime:5
Orc:1:    layout_diamond_mine, hellmonk_bongcloud_opening, minmay_orc_temple_b
Orc:2:    st_orc_rangers, layout_caves
Elf:1:    layout_loops_corners, serial_shops, nicolae_shop_crystal,
          evilmike_minifort
Elf:2:    elven_hall_of_blades_hangedman_original [nicolae_blade_bullseye],
          layout_loops_ring, uniq_donald
Elf:3:    minmay_elf_hall_hex, layout_geoelf_diagonals
Vaults:1: v_alt_pattern_6, nicolae_vaults_theta, vaults_dpeg_hooks, v_misc_32,
          vaults_mumra_lcd, nicolae_vaults_asterisk, vaults_dpeg_emergency_exit,
          vaults_room_grunt_arrival_ludios, layout_vaults_quadrants,
          serial_shops, nicolae_shop_window_shopping
Vaults:2: dpeg_vaults_pockets_of_resistance, hangedman_vaults_impose,
          vaults_room_door_hall, minmay_crypt_entry_simple_plaza,
          vaults_room_corners, nicolae_vaults_back_hallway, vaults_room_grid,
          v_pattern_3, vaults_room_stairs_pillars, v_alt_pattern_2,
          vaults_dpeg_cross, nicolae_vaults_theta, hangedman_vaults_nails,
          ontoclasm_vaults_shuriken, hangedman_vaults_stretched_pinwheel,
          hangedman_vaults_slice, nicolae_vaults_little_squares_4,
          ontoclasm_vaults_loading_screen, layout_vaults_omnibox, uniq_margery
Vaults:3: hangedman_vaults_slither, vaults_room_large_hall,
          grunt_vaults_trifunnel, vaults_room_door_ring,
          nicolae_vaults_shelves_hall, ontoclasm_vaults_bender,
          grunt_vaults_bifocal, dpeg_vaults_monster_box, v_misc_22, v_misc_2,
          nicolae_vaults_network_periphery, nicolae_vaults_alarming,
          ontoclasm_vaults_twist, layout_vaults_maze, uniq_boris, uniq_aizul
Vaults:4: mu_enter_wizlab_2, nicolae_vaults_circle_grid_a,
          ontoclasm_vaults_ring_large, ontoclasm_vaults_spin, vaults_dpeg_doors,
          vaults_room_semicircle, layout_vaults_chaotic_city, uniq_bai_suzhen
Vaults:5
Crypt:1:  layout_chaotic_city, basic_altar, grunt_crypt_arrival_split
Crypt:2:  layout_catacombs, uniq_josephina, uniq_khufu, uniq_sojobo
Crypt:3:  david_glass_crypt, layout_gridlike, nrook_guardian_serpent_ordinary,
          uniq_vv
Tomb:1
Depths:1: layout_cave_pools, hell_entry, pan_entry,
          nicolae_trove_entry_isolated, roderic_lattice_a, kennysheep_two_boxes
Depths:2: minmay_imperfect_grid, layout_cave_shapes, dk_noncrumbling_4,
          hell_entry, rand_demon_pan_entry_1, nicolae_transporter_intersection,
          minmay_staircase_statues, minmay_shop_grove
Depths:3: evilmike_iron_armoury, layout_basic, enter_ziggurat_b,
          grunt_pan_entry_spiral, marbit_kobold_abyss_entry,
          pf_vacation_house_of_asmodeus
Depths:4: grunt_twist_and_shout, layout_cave_pools, hell_entry, serial_rivers,
          chequers_serial_rivers_micro_c, chequers_serial_rivers_small_3,
          chequers_serial_rivers_small_3, chequers_serial_rivers_micro_b
Hell
Dis:1:    layout_gridville
Dis:2:    layout_subdivisions
Dis:3:    layout_jigsaw
Dis:4:    layout_regular_city
Dis:5:    layout_subdivisions, hangedman_dis_decor_tower
Dis:6:    layout_overlapping_boxes
Dis:7:    dis_grunt_layers
Geh:1:    layout_gehenna_pools_triple
Geh:2:    layout_gehenna_pools_basic, special_room [special_room_morgue]
Geh:3:    layout_gehenna_lava_caves, hangedman_elemental_grid_stream
Geh:4:    layout_gehenna_pools_triple
Geh:5:    layout_gehenna_lava_caves
Geh:6:    layout_gehenna_lava_caves
Geh:7:    evilmike_geh
Coc:1:    layout_ice_bergs
Coc:2:    layout_ice_bergs, nicolae_hells_hurtin_island
Tar:1:    layout_honeycomb
Tar:2:    layout_honeycomb
Tar:3:    layout_cathedral_of_symmetry, nicolae_hells_seeping_fissure
Tar:4:    layout_honeycomb
Tar:5:    layout_grid_maze
Tar:6:    nicolae_hells_demon_pit, layout_cathedral_of_symmetry,
          nicolae_tar_grid_combs
Tar:7:    tar_grunt_cathedral
Zot:1:    layout_basic, hellmonk_ghost_big_iron, grunt_megastairs_3
Zot:2:    layout_onion_interference, uniq_grunn

Skill      XL: |  1  2  3  4  5  6  7  8  9 10 11 12 13 14 15 16 17 18 19 20 21 22 23 24 25 26 27 |
---------------+----------------------------------------------------------------------------------+-----
Long Blades    | 3 4 5 6 7 10 12 14 | 14.0
Shields        | 1 2 3 4 |  4.0
Invocations    | 5 7 15 21 | 21.0
Fighting       | 5 8 11 12 13 14 20 22 | 22.2
Armour         | 6 8 10 12 14 18 20 | 20.2
Dodging        | 3 5 7 11 16 | 16.6
Evocations     | 4 |  4.7
Axes           | 4 11 15 18 19 21 24 27 | 27.0
Translocations | 7 9 11 | 11.9
Spellcasting   | 5 |  5.0
Air Magic      | 6 |  6.7
Ice Magic      | 4 5 |  5.6
Throwing       | 12 13 | 13.5
Hexes          | 4 20 | 20.3
Necromancy     | 13 | 13.6
Summonings     | 16 | 16.4

Action                     |  1- 3 |  4- 6 |  7- 9 | 10-12 | 13-15 | 16-18 | 19-21 | 22-24 | 25-27 || total
---------------------------+-------+-------+-------+-------+-------+-------+-------+-------+-------++-------
  Melee: Long sword        |   103 |   157 |   305 |   785 |   317 |       |       |       |       ||  1667
         Tailslap          |       |       |    43 |   140 |   246 |   168 |   204 |   361 |   908 ||  2070
         Broad axe         |       |       |       |       |   527 |       |       |       |       ||   527
         Battleaxe         |       |       |       |       |   391 |   883 |   690 |   225 |       ||  2189
         Executioner's axe |       |       |       |       |       |       |   450 |  1175 |  3475 ||  5100
         Headbutt          |       |       |       |       |       |       |       |       |   648 ||   648
  Throw: Throwing net      |     1 |     3 |       |     2 |       |       |       |       |       ||     6
         Javelin           |     1 |     1 |     1 |     1 |     1 |       |       |       |       ||     5
         Dart              |       |       |     3 |    11 |       |       |       |       |       ||    14
   Cast: Blink             |       |       |       |       |       |       |       |     2 |    12 ||    14
         Frozen Ramparts   |       |       |       |       |       |       |       |     1 |     1 ||     2
         Apportation       |       |       |       |       |       |       |       |       |     6 ||     6
         Enfeeble          |       |       |       |       |       |       |       |       |    14 ||    14
         Passage of Golubr |       |       |       |       |       |       |       |       |     9 ||     9
         Malign Gateway    |       |       |       |       |       |       |       |       |     1 ||     1
 Invoke: Lesser Servant of |       |       |       |    10 |    17 |    12 |     7 |     3 |     6 ||    55
         Greater Servant o |       |       |       |       |       |     1 |     1 |     3 |    21 ||    26
Ability: Word of Chaos     |       |       |       |       |       |       |       |       |    13 ||    13
  Evoke: Wand              |       |       |    10 |     4 |     4 |     8 |       |       |     3 ||    29
         Lightning rod     |       |       |       |     5 |     4 |     2 |       |       |     1 ||    12
         Condenser vane    |       |       |       |       |       |       |       |     3 |     1 ||     4
         Tin of tremorston |       |       |       |       |       |       |       |     2 |     1 ||     3
         Phantom mirror    |       |       |       |       |       |       |       |     1 |     6 ||     7
         Box of beasts     |       |       |       |       |       |       |       |       |     7 ||     7
    Use: Scroll            |       |       |       |       |    30 |    13 |    12 |    17 |    28 ||   100
         Potion            |       |       |       |       |     2 |    19 |    10 |    11 |    38 ||    80
   Stab: Sleeping          |       |       |     1 |       |       |       |       |       |       ||     1
         Distracted        |       |       |     1 |     6 |     2 |     1 |     3 |     7 |    36 ||    56
         Invisible         |       |       |       |     1 |       |       |     4 |       |     3 ||     8
         Petrified         |       |       |       |       |     2 |     5 |       |       |       ||     7
         Paralysed         |       |       |       |       |     2 |       |       |       |       ||     2
 Armour: Leather armour    |    36 |    53 |    39 |     8 |       |       |       |       |       ||   136
         Ring mail         |       |       |    38 |   209 |       |       |       |       |       ||   247
         Chain mail        |       |       |       |    36 |   693 |   638 |   593 |   847 |  1620 ||  4427
         Skin              |       |       |       |       |       |    12 |       |       |       ||    12
  Dodge: Dodged            |    80 |    83 |   173 |   491 |  1384 |   765 |   721 |   959 |  2819 ||  7475
  Block: Buckler           |     1 |    31 |    66 |   201 |   292 |       |       |       |       ||   591

Table legend: (Time is in decaauts)
 A = Elapsed time spent in this place.
 B = Non-inter-level travel time spent in this place.
 C = Inter-level travel time spent in this place.
 D = Time resting spent in this place.
 E = Time spent auto-exploring this place.
 F = Levels seen in this place.
 G = Mean time per level.
                   A        B        C        D        E       F      G
               +--------+--------+--------+--------+--------+-----+--------+
         Total |  74982 |  68459 |   6523 |  12469 |  34371 |  97 |  773.0 |
       Dungeon |  16322 |  13133 |   3189 |   1652 |   8379 |  15 | 1088.1 |
        Temple |     74 |     67 |      7 |      0 |     58 |   1 |   74.0 |
          Lair |   6185 |   5647 |    538 |    761 |   3627 |   5 | 1237.0 |
        Shoals |   6753 |   6635 |    118 |   2908 |   1829 |   4 | 1688.2 |
   Spider Nest |   4677 |   4409 |    268 |   1070 |   2272 |   4 | 1169.2 |
    Slime Pits |    997 |    899 |     98 |    207 |    182 |   5 |  199.4 |
  Orcish Mines |   2420 |   1951 |    469 |    657 |    721 |   2 | 1210.0 |
   Elven Halls |   4587 |   4297 |    290 |    920 |   2343 |   3 | 1529.0 |
        Vaults |   7063 |   6533 |    530 |    241 |   4800 |   5 | 1412.6 |
         Crypt |   3922 |   3777 |    145 |    504 |   2441 |   3 | 1307.3 |
          Tomb |   1200 |   1198 |      2 |    294 |     88 |   1 | 1200.0 |
        Depths |   5169 |   4670 |    499 |    297 |   3255 |   4 | 1292.2 |
          Hell |   1208 |   1085 |    123 |    255 |    483 |   1 | 1208.0 |
           Dis |   2806 |   2768 |     38 |   1319 |    162 |   7 |  400.9 |
       Gehenna |   1507 |   1414 |     93 |    230 |     59 |   7 |  215.3 |
       Cocytus |    150 |    150 |      0 |      3 |      0 |   2 |   75.0 |
      Tartarus |   1887 |   1823 |     64 |    579 |    192 |   7 |  269.6 |
           Zot |    979 |    933 |     46 |     49 |    677 |   2 |  489.5 |
         Abyss |    328 |    328 |      0 |     26 |      0 |   7 |   46.9 |
   Pandemonium |   5450 |   5450 |      0 |    387 |   2270 |   9 |  605.6 |
        Bailey |    583 |    583 |      0 |    103 |    250 |   1 |  583.0 |
       Volcano |    207 |    207 |      0 |      0 |      0 |   1 |  207.0 |
        Wizlab |    497 |    497 |      0 |      0 |    280 |   1 |  497.0 |
               +--------+--------+--------+--------+--------+-----+--------+

Top non-repeatable levels by time:
Shoals:2: 1996 daAuts
Shoals:4: 1831 daAuts
    D:14: 1783 daAuts
Depths:3: 1754 daAuts
Shoals:3: 1724 daAuts
    D:11: 1639 daAuts
   Dis:7: 1632 daAuts
   Elf:1: 1609 daAuts
    D:12: 1598 daAuts
   Elf:3: 1589 daAuts
Vaults:1: 1559 daAuts
  Lair:3: 1538 daAuts
Depths:2: 1485 daAuts
Vaults:5: 1457 daAuts
 Crypt:3: 1440 daAuts
